 Dungeon Crawl Stone Soup version 0.29.1-2-gbd0b4ee654 (webtiles) character file.

Game seed: 9936930826545160907

31 sanboga the Chopper (level 3, -4/33 HPs)
             Began as a Minotaur Monk on Nov 26, 2022.
             Slain by Terence
             ... wielding a +0 mace
              (9 damage)
             ... on level 2 of the Dungeon.
             The game lasted 00:01:47 (1593 turns).

sanboga the Chopper (Minotaur Monk)                 Turns: 1593, Time: 00:01:48

Health: -4/33      AC:  2    Str: 17    XL:     3   Next: 7%
Magic:  2/2        EV: 12    Int:  7    God:
Gold:   18         SH:  0    Dex: 12    Spells: 2/2 levels left

rFire   . . .      SeeInvis .   a - +0 hand axe
rCold   . . .      Faith    .   (no shield)
rNeg    . . .      Spirit   .   b - +0 robe
rPois   .          Reflect  .   (helmet restricted)
rElec   .          Harm     .   (no cloak)
rCorr   .          Rampage  .   (no gloves)
Will    .....                   (no boots)
Stlth   ++........              (no amulet)
HPRegen 0.11/turn               (no ring)
MPRegen 0.08/turn               (no ring)

@: no status effects
A: horns 2, retaliatory headbutt
a: no special abilities


You were on level 2 of the Dungeon.
You visited 1 branch of the dungeon, and saw 2 of its levels.

You collected 18 gold pieces.

Inventory:

Hand Weapons
 a - a +0 hand axe (weapon)
Armour
 b - a +0 robe (worn)
Scrolls
 e - a scroll of summoning {unknown}
 f - a scroll of magic mapping {unknown}
 g - a scroll of butterflies {unknown}
Potions
 c - a potion of ambrosia
 d - a potion of brilliance {unknown}
 h - a potion of magic {unknown}


   Skills:
 + Level 4.0 Fighting
 * Level 4.5 Axes
 + Level 1.4 Armour
 - Level 3.2 Dodging
 - Level 1.5 Stealth


You had 2 spell levels left.
You didn't know any spells.
Your spell library was empty.

Dungeon Overview and Level Annotations

Branches:
Dungeon (2/15)

Altars:
Xom

Annotations:
D:2 Terence


Innate Abilities, Weirdness & Mutations

You have a pair of horns on your head.
You reflexively headbutt those who attack you in melee.


Message History

No target in view!
Done exploring.
No target in view!
Done exploring.
Done exploring.
No target in view!
No target in view!
Done exploring.
No target in view!
Done exploring.
No target in view!
Done exploring.
No target in view!
Done exploring.
No target in view!
Done exploring.
No target in view!
There is a stone staircase leading down here.
You climb downwards.
Found 14 gold pieces, a fizzy green potion and a leather armour.
Found a shimmering altar of Xom.
There is a stone staircase leading up here.
Terence is nearby!
You barely miss Terence. Your headbutt misses Terence.
Terence hits you with a +0 mace.
You closely miss Terence. Terence hits you with a +0 mace!
You closely miss Terence. Terence closely misses you.
You hit Terence but do no damage. Your headbutt misses Terence.
Terence hits you with a +0 mace!
You are too injured to fight recklessly!
You hit Terence but do no damage. Terence hits you with a +0 mace!
* * * LOW HITPOINT WARNING * * *
You hit Terence.
Terence is lightly wounded.
Terence misses you. Terence attacks as you move away!
Terence barely misses you. You furiously retaliate!
You headbutt Terence.
There is a stone staircase leading up here.
Terence hits you with a +0 mace!
You die...

#.... .[
#....####.
#........#
#........#
#........###
..!.......#
#.......#
#..@....#
#..@....#
#.....$.#
#........###
#...........
#.._........#
#............#
#............#
#.............


You could see Terence.

Vanquished Creatures
  2 dart slugs (D:1)
  3 endoplasms (D:1)
  A goblin (D:1)
  A hobgoblin (D:1)
  4 jackals (D:1)
  2 quokkas (D:1)
  2 ball pythons (D:1)
  2 bats (D:1)
  3 frilled lizards (D:1)
  3 kobolds (D:1)
  3 rats (D:1)
26 creatures vanquished.

Notes
Turn   | Place    | Note
-------+----------+-------------------------------------------
     0 | D:1      | sanboga the Minotaur Monk began the quest for the Orb.
     0 | D:1      | Reached XP level 1. HP: 19/19 MP: 0/0
   517 | D:1      | Reached XP level 2. HP: 12/27 MP: 1/1
   764 | D:1      | Reached skill level 1 in Armour
  1276 | D:1      | Reached XP level 3. HP: 25/33 MP: 2/2
  1582 | D:2      | Noticed Terence
  1582 | D:2      | Found a shimmering altar of Xom.
  1593 | D:2      | Slain by Terence

Illustrated notes

Levels and vault maps discovered:
D:1:      psy_arrival_radial02, layout_basic
D:2:      layout_basic, basic_altar, uniq_terence

Skill      XL: |  1  2 |
---------------+-------+-----
Axes           | 4 |  4.5
Armour         | 1 |  1.4
Fighting       | 4 |  4.0
Dodging        | |  3.2
Stealth        | |  1.5

Action                   || total
-------------------------++-------
Melee: Hand axe          ||    50
       Headbutt          ||     4
 Stab: Sleeping          ||     4
Armor: Robe              ||     1
Dodge: Dodged            ||    26
